 Dungeon Crawl Stone Soup version 0.24.0-1-gfbc8707122 (webtiles) character file.

Game seed: 12494341785468664117, levelgen mode: deterministic

385 theswoord the Cudgeler (level 6, -2/47 HPs)
             Began as a Demonspawn Abyssal Knight on Oct 25, 2019.
             Was a Believer of Lugonu.
             Slain by an ogre
             ... wielding a +0 giant club
              (30 damage)
             ... on level 5 of the Dungeon.
             The game lasted 00:12:39 (4393 turns).

theswoord the Cudgeler (Demonspawn Abyssal Knight)  Turns: 4393, Time: 00:12:40

Health: -2/47      AC: 10    Str: 13    XL:     6   Next: 48%
Magic:  7/7        EV:  5    Int: 14    God:    Lugonu [**....]
Gold:   166        SH:  0    Dex: 13    Spells: 5/5 levels left

rFire    . . .     SeeInvis .   a - +1 mace
rCold    + . .     Gourm    .   (no shield)
rNeg     . . .     Faith    .   e - +0 chain mail
rPois    .         Spirit   .   (no helmet)
rElec    .         Reflect  .   (no cloak)
rCorr    .         Harm     .   (no gloves)
MR       .....                  l - -1 pair of boots (curse)
Stlth    ..........             h - amulet of the acrobat
HPRegen  0.15/turn              (no ring)
MPRegen  0.10/turn              (no ring)

@: lightly drained
A: molten scales 1, cold resistance 1, nightstalker 2
a: Depart the Abyss, Bend Space, Renounce Religion


You were on level 5 of the Dungeon.
You worshipped Lugonu.
Lugonu was pleased with you.
You were not hungry.

You visited 1 branch of the dungeon, and saw 5 of its levels.
You visited the Abyss 1 time.

You collected 166 gold pieces.

Inventory:

Hand Weapons
 a - a +1 mace (weapon)
 g - a +0 morningstar
 i - a +0 whip
Armour
 b - a +0 leather armour
 e - a +0 chain mail (worn)
 l - a cursed -1 pair of boots (worn)
 n - a +0 helmet
Jewellery
 h - an amulet of the acrobat (around neck)
Scrolls
 d - 3 scrolls of remove curse
 m - 2 scrolls of identify
Potions
 f - 2 potions of curing
Comestibles
 c - 5 rations
 k - a chunk of flesh


   Skills:
 - Level 3.0(2.5) Fighting
 + Level 6.4(5.9) Maces & Flails
 - Level 1.7(1.3) Armour
 - Level 0.8(0.4) Dodging
 - Level 2.4(2.0) Invocations


You had 5 spell levels left.
You didn't know any spells.
Your spell library contained the following spells:

 Spells                   Type           Power        Failure   Level  Hunger
 Animate Skeleton         Necr           N/A          100%        1    ##.....
 Apportation              Tloc           #.....       100%        1    ##.....
 Confusing Touch          Hex            #.....       100%        1    ##.....
 Summon Small Mammal      Summ           #...         100%        1    ##.....


Dungeon Overview and Level Annotations

Branches:
Dungeon (6/15)
 Temple: D:4-7

Altars:


Innate Abilities, Weirdness & Mutations

You are partially covered in molten scales. (AC +2)
Your flesh is cold resistant. (rC+)
You are significantly more attuned to the shadows.


Message History

k - 2 chunks of flesh (gained 1)
You start resting.
Some of the chunks of flesh in your inventory have rotted away.
HP restored.
Found a stone staircase leading down.
An ogre comes into view. It is wielding a +0 giant club.
The ogre shouts!
You completely miss the ogre. The ogre hits you with a +0 giant club.
Your chain mail prevents you from hitting the ogre.
The ogre hits you with a +0 giant club!
You hit the ogre.
The ogre is lightly wounded.
You hit the ogre.
The ogre is moderately wounded.
The ogre hits you but does no damage.
Your chain mail prevents you from hitting the ogre.
The ogre is moderately wounded.
The ogre hits you with a +0 giant club!!
Ouch! That really hurt!
You die...

...........##..###.....##
##..
..........###...#.....##
##. ..........#
##.........######.
.........#
##...............
##>.....#
#..###...........
###....####..#
#........... ##..O.##...#
#........... ##...##..##
#........... #....#@.#
#........... ##...O..#
............ ##.....##
............
#.......##............
#........#|...........
#......................
.......................
......................
......................


You could see an ogre.

Vanquished Creatures
  3 wights
  2 iguanas
  A worker ant (D:5)
  Robin (D:2)
  8 adders
  2 oozes
  4 dart slugs
  5 leopard geckos
  An orc (D:6)
  A ball python (D:1)
  12 bats
  A giant cockroach (D:3)
  11 goblins
  9 hobgoblins
  7 jackals
  9 kobolds
  A frilled lizard (D:1)
  10 rats
88 creatures vanquished.

Notes
Turn   | Place    | Note
-------+----------+-------------------------------------------
     0 | Abyss:1  | theswoord the Demonspawn Abyssal Knight began the quest for
                  | the Orb.
     0 | Abyss:1  | Reached XP level 1. HP: 18/18 MP: 2/2
    45 | D:1      | Escaped the Abyss
    63 | D:1      | Reached skill level 2 in Maces & Flails
   236 | D:1      | Gained mutation: You are partially covered in molten
                  | scales. (AC +2) [demonic ancestry]
   236 | D:1      | Reached XP level 2. HP: 16/24 MP: 3/3
   480 | D:1      | Reached skill level 3 in Maces & Flails
   574 | D:1      | Reached XP level 3. HP: 25/29 MP: 4/4
  1030 | D:2      | Reached ** piety under Lugonu
  1550 | D:2      | Gained mutation: Your flesh is cold resistant. (rC+)
                  | [demonic ancestry]
  1550 | D:2      | Reached XP level 4. HP: 31/35 MP: 5/5
  1552 | D:2      | Reached skill level 4 in Maces & Flails
  1665 | D:2      | Noticed Robin
  1690 | D:2      | Killed Robin
  2131 | D:2      | You fall into a shaft and drop 1 floor!
  2481 | D:2      | Gained mutation: You are slightly more attuned to the
                  | shadows. [demonic ancestry]
  2481 | D:2      | Reached XP level 5. HP: 36/41 MP: 6/6
  2675 | D:2      | Reached skill level 5 in Maces & Flails
  3424 | D:3      | Gained mutation: You are significantly more attuned to the
                  | shadows. [demonic ancestry]
  3424 | D:3      | Reached XP level 6. HP: 44/47 MP: 7/7
  3519 | D:3      | You fall into a shaft and drop 3 floors!
  3531 | D:5      | Entered Level 5 of the Dungeon
  3546 | D:5      | Reached skill level 6 in Maces & Flails
  4393 | D:5      | Slain by an ogre

Skill      XL: |  1  2  3  4  5  6 |
---------------+-------------------+-----
Maces & Flails | 2 3 4 5 6 |  6.4
Fighting       | |  3.0
Armour         | |  1.7
Dodging        | |  0.8
Invocations    | |  2.4

Action                   |  1- 3 |  4- 6 || total
-------------------------+-------+-------++-------
Melee: Whip              |   162 |   196 ||   358
       Mace              |    10 |   127 ||   137
  Use: Scroll            |     1 |     2 ||     3
       Potion            |       |     5 ||     5
  Eat: Chunk             |     2 |     6 ||     8
       Ration            |       |     1 ||     1
Armor: Chain mail        |   114 |   219 ||   333
Dodge: Dodged            |    72 |   176 ||   248

Levels and vault maps discovered:
D:1:      dpeg_arrival_tiny_j, layout_basic
D:2:      layout_basic, corexii_corridor_pit, uniq_robin
D:3:      layout_loops_ring, gammafunk_temple_overflow_statue,
          cheibrodos_sewer_entry_drain, minmay_parallelograms, dk_vineyard_3,
          small_statue_intersection
D:5:      layout_layer_cave, grunt_temple_overflow_bloody_war, serial_shops,
          nicolae_shop_crystal, first_ration, eino_tiny_chamber, uniq_menkaure
D:6:      layout_basic, lemuel_coloured_pillars_altar
